cohdb
Replays
Latest Replays
All Replays
Popular Replays
Top Player Replays
Match Explorer
How It Works
Community
CoH3 Stats
Reddit
Sign in to upload your games and track your stats! →
Sign in with Steam
Match 43612984
Unlisted
Match 43612984
Overview
Messages
Build Orders
End
Panzergrenadier Squad
Kradschützen Motorcycle Team
Panzergrenadier Squad
Selects Italian Infantry
Selects Defensive Operations
Construct Light Support Kompanie
Fire Support Elements
Selects Guastatori Squad
Guastatori Squad
le.IG 18 Support Gun Team
Construct Mechanized Kompanie
Assault Mechanized Group
Selects Prepared Positions
Marder III Tank Destroyer
Combat Half-tracks
Vehicle Survival Package
Selects L6/40 Light Tank Combat Group
L6/40 Light Tank Combat Group
Keos
Ismachu
Guderian26
JollyRedRockett
Blaze Rembrandt
Q7PoloRalph_Trendsetter
0
0
Comments
sign in to comment!
No comments posted yet!